 Dungeon Crawl Stone Soup version 0.16-a0-4048-g245e628 (webtiles) character file.

4 timbw the Caller (level 1, -2/7 HPs)
             Began as a Felid Summoner on Feb 19, 2015.
             Hit by a stone thrown by a kobold (3 damage)
             ... on level 1 of the Dungeon.
             The game lasted 00:01:02 (130 turns).

timbw the Caller (Felid Summoner)                    Turns: 130, Time: 00:01:02

Health: -2/7       AC:  1    Str:  4    XL:     1   Next: 58%
Magic:  0/4        EV: 17    Int: 16    God:
Gold:   8          SH:  0    Dex: 16    Spells: 1 memorised, 3 levels left
                                        Lives:  0   Deaths: 0

rFire  . . .     SeeInvis +     (weapon unavailable)
rCold  . . .     Clarity  .     (armour unavailable)
rNeg   . . .     SustAb   .     (shield unavailable)
rPois  .         Gourm    .     (helmet unavailable)
rElec  .         Spirit   .     (cloak unavailable)
rCorr  .         Warding  .     (gloves unavailable)
rMut   .         Stasis   .     (boots unavailable)
MR     .....                    (no amulet)
Stlth  +++.......               (no ring)
                                (no ring)

@: drained, quick, not resistant to hostile enchantments, fairly stealthy
A: paw claws, no armour, no weapons or thrown items, fangs 3, see invisible,
carnivore 3, speed 1, shaggy fur 1, slow metabolism 1, sharp paws
a: no special abilities


You were on level 1 of the Dungeon.
You were full.

You visited 1 branch of the dungeon, and saw 2 of its levels.

You collected 8 gold pieces.

Inventory:

Scrolls
 a - a scroll of identify {unknown}
 d - a scroll of teleportation {unknown}
 f - a scroll of remove curse {unknown}
Potions
 e - a potion of heal wounds {unknown}
Books
 b - a book of Callings

   Spells                             Type                      Level
   a - Summon Small Mammal            Summoning                    1
   b - Call Imp                       Summoning                    2
   c - Call Canine Familiar           Summoning                    3
   d - Summon Guardian Golem          Hexes/Summoning              4
   e - Summon Lightning Spire         Summoning/Air                4
   f - Summon Ice Beast               Ice/Summoning                4
Comestibles
 c - a meat ration


   Skills:
 - Level 2.6(2.4) Dodging
 - Level 2.6(2.4) Stealth
 - Level 2.0(1.7) Spellcasting
 + Level 4.2(4.0) Summonings


You had 3 spell levels left.
You knew the following spells:

 Your Spells              Type           Power        Failure   Level  Hunger
a - Summon Small Mammal   Summ           ##..         4%          1    ##.....


Dungeon Overview and Level Annotations

Branches:
Dungeon (2/15)

Altars:


Innate Abilities, Weirdness & Mutations

You cannot wear armour.
You are incapable of wielding weapons or throwing items.
You have razor-sharp teeth.
You have supernaturally acute eyesight.
You are carnivorous and can eat meat at any time.
You cover ground quickly.
You are covered in fur (AC +1).
You have a slow metabolism.
Your paws have sharp claws that are effective at stabbing.


Message History

t - Meow!
Orders for allies: a - Attack new target. r - Retreat! s - Stop attacking. w - Wait here. f - Follow me.
Anything else - Stay silent.
Gang up on whom?
Press: ? - help, Dir - move target cursor, f - kobold
Aim: a kobold, wielding a whip Attack!
Your bat barely misses the kobold.
Your bat barely misses the kobold.
Your bat hits the kobold.
Your bat closely misses the kobold.
Your rat closely misses the kobold.
The kobold throws a stone.
The stone barely misses your bat. The stone barely misses your rat.
The stone barely misses you. The kobold hits your rat with a whip.
Your rat dies!
Your rat's corpse disappears in a puff of smoke!
You see here a hand axe.
Your bat misses the kobold.
Your bat hits the kobold but does no damage.
The kobold throws a stone.
The stone hits you.
You die...

## #... .... ...
..# .. ...# # .
###########.#.##...
............#....
#.(.#.K##... #
#...)§bb#.##...##
#..@.).(.K.....K>
#....(..######...
#...>...# #.......#
#####..## ####


You could see 2 kobolds and 2 friendly bats.

Vanquished Creatures
  A giant newt (D:1)
1 creature vanquished.

Vanquished Creatures (collateral kills)
  A bat (D:1)
  A hobgoblin (D:1)
  2 kobolds (D:1)
  2 rats (D:1)
6 creatures vanquished.

Vanquished Creatures (others)
  A bat (D:1)
  3 rats (D:1)
4 creatures vanquished.

Grand Total: 11 creatures vanquished

Notes
Turn   | Place    | Note
--------------------------------------------------------------
     0 | D:1      | timbw, the Felid Summoner, began the quest for the Orb.
     0 | D:1      | Reached XP level 1. HP: 7/7 MP: 4/4
   130 | D:1      | Hit by a stone thrown by a kobold

Action                   || total
-------------------------++-------
Melee: Unarmed           ||     3
 Cast: Summon Small Mamm ||    10
  Eat: Chunk             ||     2
